 Dungeon Crawl Stone Soup version 0.30.1-6-gbe392663c4 (webtiles) character file.

Game seed: 9511831672440292853

631 coolio the Conjurer (level 7, -7/46 HPs)
             Began as a Demonspawn Conjurer on Sept 20, 2023.
             Was an Initiate of Ru.
             Killed by an exploding butterfly (20 damage)
             ... ignited by their inner flame
             ... on level 4 of the Dungeon.
             The game lasted 00:05:50 (3698 turns).

coolio the Conjurer (Demonspawn Conjurer)           Turns: 3698, Time: 00:05:52

Health: -7/46      AC:  5    Str:  7    XL:     7   Next: 24%
Magic:  0/12       EV: 12    Int: 21    God:    Ru [......]
Gold:   181        SH:  0    Dex: 12    Spells: 4/13 levels left

rFire   . . .        o - staff of conjuration
rCold   . . .        (no shield)
rNeg    . . .        a - +0 robe
rPois   .            (helmet restricted)
rElec   .            s - +0 cloak
rCorr   .            v - +1 pair of gloves
SInv    .            (no boots)
Will    .....        (no amulet)
Stlth   ++           p - ring of wizardry
HPRegen 0.27/turn    (no ring)
MPRegen 0.26/turn

%: guardian spirit, wizardry (x1)
@: no status effects
A: antennae 1, magic shield, magic regeneration, demonic magic 1
a: Renounce Religion


You were on level 4 of the Dungeon.
You worshipped Ru.
Ru was noncommittal.
You visited 1 branch of the dungeon, and saw 4 of its levels.

You collected 181 gold pieces.

Inventory:

Armour
 a - a +0 robe (worn)
 s - a +0 cloak (worn)
 v - a +1 pair of gloves (worn)
Magical Staves
 o - a staff of conjuration (weapon)
Jewellery
 p - a ring of wizardry (left hand)
Wands
 d - a wand of iceblast (11)
 k - a wand of paralysis (5)
Scrolls
 h - a scroll of enchant weapon
 j - 2 scrolls of teleportation
 m - a scroll of magic mapping
 q - a scroll of amnesia {unknown}
Potions
 n - a potion of resistance
 r - a potion of mutation
 t - a potion of heal wounds
 u - a potion of attraction {unknown}


   Skills:
 - Level 3.2 Dodging
 - Level 1.7 Stealth
 + Level 3.7 Spellcasting
 * Level 6.4 Conjurations
 * Level 2.1 Fire Magic
 * Level 2.1 Air Magic


You had 4 spell levels left.
You knew the following spells:

 Your Spells              Type           Power      Damage    Failure   Level
a - Magic Dart            Conj           100%       1d8       1%          1
b - Searing Ray           Conj           92%        2d7       1%          2
c - Plasma Beam           Fire/Air       6%         2x1d18    95%         6

Your spell library contained the following spells:

 Spells                   Type           Power      Damage    Failure   Level
 Dazzling Flash           Conj/Hex       52%        N/A       4%          3
 Cigotuvi's Dreadful Rot  Necr/Pois/Air  12%        N/A       6%          2
 Vhi's Electric Charge    Tloc/Air       16%        N/A       10%         3
 Ignite Poison            Fire/Tmut/Pois 6%         N/A       12%         3
 Fulminant Prism          Conj/Hex       13%        3d9       13%         4
 Iskenderun's Mystic Bla  Conj/Tloc      26%        2d7       13%         4
 Arcjolt                  Conj/Air       16%        1d26      24%         5
 Freezing Cloud           Conj/Ice/Air   11%        6-21      38%         5


Dungeon Overview and Level Annotations

Branches:
Dungeon (4/15)
 Temple: D:4-7

Altars:
Ru


Innate Abilities, Weirdness & Mutations

You have a pair of small antennae on your head.
When hurt, damage is shared between your health and your magic reserves.
You regenerate magic rapidly.
Spells you cast may paralyse adjacent enemies.


Message History

The fiery explosion engulfs your butterfly!!
You kill your butterfly!
Your butterfly disappears in a burst of colours!
Your butterfly explodes!
The fiery explosion engulfs your butterfly!
Your butterfly disappears in a burst of colours!
Your butterfly explodes!
The fiery explosion engulfs your butterfly!!
You kill your butterfly!
Your butterfly disappears in a burst of colours!
Your butterfly is engulfed in poison gas.
Your butterfly is poisoned.
Your butterfly disappears in a burst of colours!
Your butterfly explodes!
The fiery explosion engulfs your butterfly!
Your butterfly disappears in a burst of colours!
Your butterfly explodes!
The fiery explosion engulfs your butterfly!!
Your butterfly disappears in a burst of colours!
Your butterfly explodes!
The fiery explosion engulfs your butterfly!!
You kill your butterfly!
Your butterfly disappears in a burst of colours!
The fiery explosion engulfs your butterfly!!
Your butterfly disappears in a burst of colours!
The fiery explosion engulfs you!!
Ouch! That really hurt!
The fiery explosion engulfs your butterfly!!
Your butterfly disappears in a burst of colours!
Your butterfly explodes!
The fiery explosion engulfs your butterfly!!
Your butterfly disappears in a burst of colours!
The fiery explosion engulfs you!
* * * LOW HITPOINT WARNING * * *
The fiery explosion engulfs your butterfly!
You kill your butterfly!
Your butterfly disappears in a burst of colours!
Your butterfly explodes!
The fiery explosion engulfs you!!
You die...

......###.......####.............
..##......§§..§§§#§§§§........#..
#####....#.§..§.b#§§§#.......###.
# #.#..###b##.b§§§###.#..####(. #
#....§#§§.#b§§§§..####....... ##
#.###§§§bbbb§§§...###....#...
.####..#.§§.bbb§§§.........#.....
[.#......§§§.bb§§##..............
..#....#.#§bbbb§@§#..............
.......##§bb..b§§§.§##.......#..#
#..###.#.§§.§§§§##§§§§§§.)..##.##
#..###...§§§§b.b..§§§§§§.....#.##
....###.#§§§bbb....§§§.§.##......
..### ####§§§......§§§.§.##......
#.# #§§§§§.....§b§#..##..... ###
##§§#§b§....§§##..#......
##...#..##....###.........


There were no monsters in sight!

Vanquished Creatures
  Duvessa (D:4)
  3 scorpions (D:4)
  Dowan (D:4)
  A howler monkey (D:4)
  2 jellies (D:4)
  A hound (D:4)
  An iguana (D:4)
  An orc wizard (D:4)
  5 gnolls (D:4)
  2 adders (D:3)
  A dart slug (D:3)
  6 orcs
  3 endoplasms
  3 giant cockroaches
  5 hobgoblins
  4 jackals (D:1)
  12 kobolds
  2 quokkas
  2 ball pythons (D:4)
  2 bats
  3 frilled lizards
  5 goblins
  3 rats
69 creatures vanquished.

Notes
Turn   | Place    | Note
-------+----------+-------------------------------------------
     0 | D:1      | coolio the Demonspawn Conjurer began the quest for the Orb.
     0 | D:1      | Reached XP level 1. HP: 13/13 MP: 3/3
   322 | D:1      | Gained mutation: You regenerate magic rapidly. [demonic
                  | ancestry]
   322 | D:1      | Reached XP level 2. HP: 19/19 MP: 3/5
  1201 | D:2      | Learned a level 2 spell: Searing Ray
  1644 | D:3      | Reached XP level 3. HP: 4/24 MP: 1/6
  1995 | D:3      | Found a sacrificial altar of Ru.
  2505 | D:3      | Became a worshipper of Ru the Awakened
  2569 | D:4      | Reached skill level 5 in Conjurations
  2569 | D:4      | Gained mutation: You have a pair of small antennae on your
                  | head. [demonic ancestry]
  2569 | D:4      | Reached XP level 4. HP: 30/30 MP: 3/8
  2701 | D:4      | Noticed a scorpion
  2705 | D:4      | Killed a scorpion
  2706 | D:4      | Gained mutation: Spells you cast may paralyse adjacent
                  | enemies. [demonic ancestry]
  2706 | D:4      | Reached XP level 5. HP: 35/35 MP: 3/9
  2817 | D:4      | Gained mutation: When hurt, damage is shared between your
                  | health and your magic reserves. [demonic ancestry]
  2817 | D:4      | Reached XP level 6. HP: 41/41 MP: 4/11
  2825 | D:4      | Learned a level 6 spell: Plasma Beam
  2865 | D:4      | Reached skill level 6 in Conjurations
  2897 | D:4      | Noticed Duvessa
  2908 | D:4      | Noticed Dowan
  2911 | D:4      | Killed Duvessa
  2912 | D:4      | Reached skill level 1 in Fire Magic
  2912 | D:4      | Reached skill level 1 in Air Magic
  2986 | D:4      | Killed Dowan
  3111 | D:4      | Reached XP level 7. HP: 19/46 MP: 0/12
  3698 | D:4      | Killed by an exploding butterfly... ignited by their inner
                  | flame

Illustrated notes

Levels and vault maps discovered:
D:1:      dpeg_arrival_simpleton_c, layout_basic, hex_tiny,
          grunt_decor_mini_mirrors, chequers_jeans
D:2:      layout_loops_ring
D:3:      layout_rooms, mainiacjoe_overflow_concentric_impassable,
          minmay_misc_feat_cross, chequers_serial_rivers_small_b,
          palyth_stone_intersect
D:4:      layout_cave_pools, minmay_distorted, uniq_duvessa

Skill      XL: |  1  2  3  4  5  6  7 |
---------------+----------------------+-----
Dodging        | 2 3 |  3.2
Conjurations   | 5 6 |  6.4
Spellcasting   | 3 |  3.7
Fire Magic     | 1 2 |  2.1
Air Magic      | 1 2 |  2.1
Stealth        | |  1.7

Action                     |  1- 3 |  4- 6 |  7- 9 || total
---------------------------+-------+-------+-------++-------
  Melee: Unarmed           |     5 |       |       ||     5
         Dagger            |     2 |       |       ||     2
         Short sword       |     8 |       |       ||     8
         Staff             |       |       |     2 ||     2
   Cast: Magic Dart        |    82 |    47 |     8 ||   137
         Searing Ray       |     1 |    11 |     5 ||    17
    Use: Potion            |     3 |     1 |       ||     4
         Scroll            |       |       |    11 ||    11
 Armour: Robe              |     7 |       |       ||     7
  Dodge: Dodged            |    31 |    11 |     2 ||    44
